 Dungeon Crawl Stone Soup version 0.20.0-8-g6b59dc7 (webtiles) character file.

144 Axe the Skirmisher (level 5, -1/59 HPs)
             Began as an Ogre Monk on June 2, 2017.
             Killed from afar by an orc wizard (6 damage)
             ... with a puff of flame
             ... on level 3 of the Dungeon.
             The game lasted 00:05:49 (4785 turns).

Axe the Skirmisher (Ogre Monk)                      Turns: 4785, Time: 00:05:49

Health: -1/59      AC:  3    Str: 15    XL:     5   Next: 27%
Magic:  0/5        EV: 10    Int: 12    God:
Gold:   78         SH:  0    Dex: 11    Spells: 4/4 levels left

rFire    . . .     SeeInvis .   b - +0 whip
rCold    . . .     Gourm    .   (no shield)
rNeg     . . .     Faith    .   c - +0 robe
rPois    .         Spirit   +   (helmet restricted)
rElec    .         Reflect  .   (no cloak)
rCorr    .         Harm     .   (gloves unavailable)
MR       .....     Clarity  +   (boots unavailable)
Stlth    +.........             x - amulet of guardian spirit
Regen    0.2/turn               (no ring)
MPRegen  0.1/turn               (no ring)

@: no status effects
A: unfitting armour, hooves 1, clarity, tough skin 1
a: no special abilities


You were on level 3 of the Dungeon.
You were not hungry.

You visited 1 branch of the dungeon, and saw 3 of its levels.

You collected 78 gold pieces.

Inventory:

Hand Weapons
 a - a +0 blowgun
 b - a +0 whip (weapon)
 g - a +0 mace
Missiles
 q - 25 poisoned needles
Armour
 c - a +0 robe (worn)
 k - a +0 large shield
Jewellery
 n - an uncursed amulet of rage
 x - an amulet of guardian spirit (around neck)
Wands
 w - a wand of digging (15/24)
Scrolls
 d - 2 scrolls of enchant armour {unknown}
 e - a scroll of magic mapping {unknown}
 h - 2 scrolls of immolation {unknown}
 i - 4 scrolls of remove curse {unknown}
 j - a scroll of enchant weapon {unknown}
 l - a scroll of blinking {unknown}
 r - a scroll of teleportation {unknown}
Comestibles
 f - a meat ration
 m - 3 fruits
 s - a chunk of flesh
 u - a bread ration


   Skills:
 + Level 5.8 Fighting
 * Level 4.3 Maces & Flails
 - Level 2.6 Dodging
 - Level 1.4 Stealth


You had 4 spell levels left.
You didn't know any spells.

Dungeon Overview and Level Annotations

Branches:
Dungeon (3/15)

Altars:
Nemelex Xobeh
Trog


Innate Abilities, Weirdness & Mutations

You are too large for most types of armour.
You have tough skin. (AC +1)
You have large cloven feet.
You possess an exceptional clarity of mind.


Message History

The orc wizard hits you with a dagger of speed.
* * * LOW HITPOINT WARNING * * *
The orc wizard casts a spell at you. The magic dart hits you!
* * * LOW HITPOINT WARNING * * *
You barely miss the orc wizard.
The orc wizard is severely wounded.
The orc wizard hits you with a dagger of speed.
* * * LOW HITPOINT WARNING * * *
You closely miss the orc wizard.
The orc wizard is severely wounded.
The orc wizard hits you with a dagger of speed.
* * * LOW HITPOINT WARNING * * *
The orc wizard barely misses you.
Unknown command.
You hit the orc wizard. Your kick misses the orc wizard.
The orc wizard is almost dead.
The orc wizard points at you and mumbles some strange words.
The puff of flame hits you!
You die...

.##.........####....##
..+.........'........#
.##.........####...#.#
.# #.......## ##.##.#
# ##.....## ####.#
##...## #.# ##'## #.#
#.############.#
#.##......@oo#.#
#####.##.#######.# #
#......#.#######.#.#
#.#................#
........#.#######o###
##.###..#.# #.# #.
....#.# #.# # ######..
..# ### ###


You could see an orc wizard and an orc.

Vanquished Creatures
  Jessica (D:2)
  A gnoll (D:1)
  3 adders (D:2)
  A worm (D:2)
  2 dart slugs
  6 leopard geckos
  2 orcs (D:3)
  9 bats
  2 giant cockroaches
  4 goblins
  6 hobgoblins
  3 jackals
  2 quokkas
  8 frilled lizards
  12 kobolds
  5 rats
67 creatures vanquished.

Notes
Turn   | Place    | Note
-------+----------+-------------------------------------------
     0 | D:1      | Axe the Ogre Monk began the quest for the Orb.
     0 | D:1      | Reached XP level 1. HP: 24/24 MP: 1/1
   289 | D:1      | Reached XP level 2. HP: 30/33 MP: 2/2
  1232 | D:2      | Reached XP level 3. HP: 10/40 MP: 3/3
  1520 | D:2      | HP: 2/40 [worm (10)]
  2304 | D:1      | Reached skill level 5 in Fighting
  2699 | D:2      | Reached XP level 4. HP: 39/50 MP: 4/4
  2834 | D:2      | Found a sparkling altar of Nemelex Xobeh.
  2834 | D:2      | Noticed Jessica
  2844 | D:2      | Killed Jessica
  3809 | D:3      | Reached XP level 5. HP: 55/57 MP: 5/5
  3986 | D:3      | Found a bloodstained altar of Trog.
  4779 | D:3      | Gained mutation: You have large cloven feet. [potion of mutation]
  4779 | D:3      | Gained mutation: You possess an exceptional clarity of mind. [potion of mutation]
  4785 | D:3      | Killed from afar by an orc wizard

Skill      XL: |  1  2  3  4 |
---------------+-------------+-----
Maces & Flails | 3 4 |  4.3
Fighting       | 5 |  5.8
Dodging        | |  2.6
Stealth        | |  1.4

Action                   |  1- 3 |  4- 6 || total
-------------------------+-------+-------++-------
Melee: Mace              |   112 |       ||   112
       Whip              |    27 |   184 ||   211
       Kick              |       |     1 ||     1
  Use: Potion            |       |     5 ||     5
 Stab: Sleeping          |     2 |     2 ||     4
  Eat: Chunk             |     1 |     7 ||     8
       Bread ration      |     1 |       ||     1
Armor: Robe              |    40 |    32 ||    72
Dodge: Dodged            |    64 |    86 ||   150
